 Dungeon Crawl Stone Soup version 0.32-a0-12-g7fc57aa741 (webtiles) character file.

Game seed: 17486616708942604991

5236 Hellonello the Grappler (level 10, -19/81 HPs)
             Began as an Armataur Shapeshifter on Jan 14, 2024.
             Was a Priest of Uskayaw.
             Demolished by a two-headed ogre
             ... wielding a +0 giant club
              (32 damage)
             ... on level 10 of the Dungeon.
             The game lasted 00:22:03 (8890 turns).

Hellonello the Grappler (Armataur Shapeshifter)     Turns: 8890, Time: 00:22:04

Health: -19/81     AC:  4    Str: 24    XL:     10   Next: 35%
Magic:  10/10      EV: 11    Int: 10    God:    Uskayaw [***...]
Gold:   756        SH:  0    Dex: 16    Spells: 9/9 levels left

rFire   . .          .
                       - Unarmed
rCold   . . .        (no shield)
rNeg    . . .        I - +0 troll leather armour
rPois   .            (helmet currently unavailable)
rElec   .            (cloak currently unavailable)
rCorr   +            (gloves currently unavailable)
SInv    .            (no barding)
Will    .....        (no amulet)
Stlth   +            n - +6 ring of dexterity
HPRegen 1.13/turn    h - ring of resist corrosion
MPRegen 0.12/turn

%: roll
@: beast-form
A: beast (slay +4), large, deformed body, tough skin 3, armoured tail, roll 2,
clumsy 1, strong 1
a: Begin Untransformation, Renounce Religion, Stomp, Line Pass


You were on level 10 of the Dungeon.
You worshipped Uskayaw.
Uskayaw was noncommittal.
You were a hulking beast.
You visited 2 branches of the dungeon, and saw 11 of its levels.
You also visited: Sewer and Ossuary.

You collected 756 gold pieces.

Inventory:

Hand Weapons
 u - a +2 dagger of venom
Missiles
 w - 4 throwing nets (quivered)
Armour
 y - a +0 kite shield
 D - a +0 pair of gloves
 E - a +0 cloak
 I - a +0 troll leather armour (worn)
Jewellery
 h - a ring of resist corrosion (right hand)
 n - a +6 ring of dexterity (left hand)
 F - a ring of positive energy
 H - a ring of protection from cold
Talismans
 c - a beast talisman
 d - a flux talisman
Wands
 a - a wand of roots (6)
 o - a wand of paralysis (7)
 z - a wand of flame (43)
Scrolls
 g - a scroll of butterflies
 i - 2 scrolls of poison
 m - 4 scrolls of teleportation
 p - 2 scrolls of fog
 r - 3 scrolls of vulnerability
 t - 2 scrolls of revelation
 x - 4 scrolls of identify
 A - a scroll of blinking
 C - a scroll of torment
 G - a scroll of enchant weapon
Potions
 b - 4 potions of heal wounds
 e - 5 potions of mutation
 f - 2 potions of enlightenment
 j - a potion of resistance
 k - 2 potions of cancellation
 l - 3 potions of haste
 q - 3 potions of lignification
 s - a potion of might
 v - 2 potions of curing
 B - 3 potions of attraction


   Skills:
 - Level 5.0 Fighting
 - Level 5.0 Dodging
 + Level 10.1 Unarmed Combat
 - Level 7.0 Shapeshifting


You had 9 spell levels left.
You didn't know any spells.
Your spell library contained the following spells:

 Spells                   Type           Power      Damage    Failure   Level
 Freeze                   Ice            0%         1d3       41%         1
 Magic Dart               Conj           0%         1d3       41%         1
 Blink                    Tloc           0%         N/A       54%         2
 Call Imp                 Summ           0%         N/A       54%         2
 Mercury Vapours          Alch/Air       0%         N/A       54%         2
 Searing Ray              Conj           0%         2d4       54%         2
 Frozen Ramparts          Ice            0%         1d1       78%         3
 Hailstorm                Conj/Ice       0%         3d5       78%         3
 Mephitic Cloud           Conj/Alch/Air  0%         N/A       78%         3
 Ozocubu's Armour         Ice            0%         N/A       78%         3
 Fulminant Prism          Conj/Alch      0%         3d5       99%         4
 Freezing Cloud           Conj/Ice/Air   0%         6-21      100%        5
 Metabolic Englaciation   Hex/Ice        0%         N/A       100%        5
 Sculpt Simulacrum        Ice/Alch       0%         N/A       100%        6


Dungeon Overview and Level Annotations

Branches:
Dungeon (10/15)            Temple (1/1) D:7           Sewer (visited)
Ossuary (visited)
   Lair: D:8-11         Orc: D:9-12

Altars:
Ashenzari
Cheibriados
Elyvilon
Fedhas
Gozag
Hepliaklqana
Kikubaaqudgha
Makhleb
Nemelex Xobeh
Okawaru
Qazlal
Ru
Trog
Uskayaw
Vehumet
Wu Jian
Yredelemnul
Zin

Shops:
D:4 *

Annotations:
D:8 exclusions: obsidian statue and orange crystal statue


Innate Abilities, Weirdness & Mutations

You are a hulking beast.
Your limbs bulge with bestial killing power. (Slay +4)
Armour fits poorly on your strangely shaped body.
You have extremely tough skin. (AC +3)
You have a long armoured tail.
You regenerate magic and health when rolling toward enemies. (Rampage Regen)
You are clumsy. (Dex -2)
Your muscles are strong. (Str +4, Int/Dex -1)


Message History

There is an open door here.
A two-headed ogre and a killer bee come into view.
The two-headed ogre shouts in stereo!
You hear an angry buzzing noise.
A killer bee comes into view. x2
The killer bee stings you.
You hit the killer bee but do no damage.
The killer bee misses you.
You punch the killer bee!
The killer bee is almost dead.
The killer bee barely misses you. The killer bee stings you.
You punch the killer bee!
You kill the killer bee!
Training target 7.0 for Shapeshifting reached!
Your Shapeshifting skill increases to level 7!
You need to enable at least one skill for training.
You punch the killer bee!
You kill the killer bee!
You can now pass through a line of other dancers.
You hit the two-headed ogre.
The two-headed ogre is lightly wounded.
The two-headed ogre hits you with a +0 giant club!
The two-headed ogre hits you with a +0 giant club!!
You punch the two-headed ogre!
The two-headed ogre is moderately wounded.
You hit the two-headed ogre.
The two-headed ogre is moderately wounded.
The two-headed ogre hits you with a +0 giant club!
* * * LOW HITPOINT WARNING * * *
The two-headed ogre hits you with a +0 giant club!
* * * LOW HITPOINT WARNING * * *
Uskayaw will force your foes to helplessly watch your dance.
Uskayaw prepares the audience for your solo!
The helpless two-headed ogre fails to defend itself.
You pummel the two-headed ogre!!
The two-headed ogre is almost dead.
The two-headed ogre is no longer paralysed.
You punch the two-headed ogre!
The two-headed ogre is almost dead.
The two-headed ogre hits you with a +0 giant club!!
You die...

.#####.....#
...........# #..
........#### #..
........#..# #.#
...##'''#..#...#.#
...#.......#...#.#
...#.......#...#.#
#.>##'##...#...#.#
.......#...#...#h#
##.....#...#...#O#
.#.#...#...#...#.#
##.....######....#
.................#
#................#
...############........
#### #........ #
#........


You could see a two-headed ogre.

Vanquished Creatures
  A two-headed ogre (D:9)
  A troll (D:10)
  Prince Ribbit (D:6)
  Eustachio (D:6)
  A water moccasin (D:5)
  2 orc warriors
  3 sky beasts
  An ogre (D:7)
  4 centaurs
  7 kobold brigands
  A weeping skull (Ossuary)
  A gnoll sergeant (D:10)
  3 bullfrogs
  3 scorpions
  13 wights
  A burial acolyte (Ossuary)
  7 killer bees
  2 howler monkeys
  A centaur zombie (Ossuary)
  A human zombie (Ossuary)
  2 jellies
  5 orc priests
  A bombardier beetle (D:5)
  A gnoll bouda (D:8)
  4 hounds
  2 sleepcaps
  6 iguanas
  4 orc wizards
  4 mummies (Ossuary)
  5 gnolls (D:8)
  6 adders
  3 river rats (Sewer)
  6 ufetubi
  3 dart slugs
  4 ribbon worms
  10 orcs
  6 bats
  7 endoplasms
  A giant cockroach (D:4)
  2 gnoll zombies (Ossuary)
  8 goblins
  9 hobgoblins
  2 jackals (D:2)
  5 quokkas
  7 ball pythons
  3 frilled lizards (D:1)
  17 kobolds
  2 kobold zombies (Ossuary)
  2 orc zombies (Ossuary)
  11 rats
203 creatures vanquished.

Vanquished Creatures (others)
  A kobold (Sewer)
1 creature vanquished.

Grand Total: 204 creatures vanquished

Notes
Turn   | Place    | Note
-------+----------+-------------------------------------------
     0 | D:1      | Hellonello the Armataur Shapeshifter began the quest for
                  | the Orb.
     0 | D:1      | Reached XP level 1. HP: 15/15 MP: 1/1
    45 | D:1      | Reached skill level 3 in Unarmed Combat
   100 | D:1      | Found a faded altar of an unknown god.
   147 | D:1      | Reached XP level 2. HP: 19/22 MP: 2/2
   811 | D:2      | Reached XP level 3. HP: 27/27 MP: 3/3
  1011 | D:2      | Reached skill level 4 in Unarmed Combat
  1643 | D:3      | Reached XP level 4. HP: 29/34 MP: 4/4
  1680 | D:3      | Found a glowing drain.
  1694 | Sewer    | Entered a sewer
  1697 | Sewer    | Noticed a kobold brigand
  1719 | Sewer    | HP: 1/34 [kobold brigand/+0 club (3)]
  1733 | Sewer    | Killed a kobold brigand
  1734 | Sewer    | Reached skill level 5 in Unarmed Combat
  1734 | Sewer    | Reached XP level 5. HP: 16/39 MP: 5/5
  2001 | Sewer    | Reached skill level 6 in Unarmed Combat
  2001 | Sewer    | Reached XP level 6. HP: 25/46 MP: 6/6
  2141 | Sewer    | Gained mutation: You are clumsy. (Dex -2) [potion of
                  | mutation]
  2141 | Sewer    | Gained mutation: Your muscles are strong. (Str +4, Int/Dex
                  | -1) [potion of mutation]
  2774 | D:4      | Reached skill level 7 in Unarmed Combat
  2816 | D:4      | Found Hahyris's Assorted Antiques.
  2944 | D:4      | Gained mutation: You regenerate magic and health when
                  | rolling toward enemies. (Rampage Regen) [Armataur growth]
  2944 | D:4      | Reached XP level 7. HP: 43/51 MP: 7/7
  3061 | D:4      | Found a snail-covered altar of Cheibriados.
  3424 | D:5      | Entered Level 5 of the Dungeon
  3428 | D:5      | Reached skill level 8 in Unarmed Combat
  3816 | D:5      | Reached skill level 9 in Unarmed Combat
  3816 | D:5      | Reached XP level 8. HP: 44/58 MP: 8/8
  4060 | D:6      | Found a sand-covered staircase.
  4149 | Ossuary  | Entered an ossuary
  4363 | Ossuary  | Reached skill level 10 in Unarmed Combat
  4586 | D:6      | Reached skill level 1 in Fighting
  4815 | D:6      | Noticed Prince Ribbit
  4830 | D:6      | Killed Prince Ribbit
  5112 | D:6      | Noticed Eustachio
  5119 | D:6      | Killed Eustachio
  5120 | D:6      | Reached XP level 9. HP: 63/68 MP: 9/9
  5565 | D:7      | Found a staircase to the Ecumenical Temple.
  5574 | Temple   | Entered the Ecumenical Temple
  5584 | Temple   | Became a worshipper of Uskayaw the Reveller
  5604 | D:7      | Reached * piety under Uskayaw
  5605 | D:7      | Reached ** piety under Uskayaw
  5689 | D:7      | Found a sacrificial altar of Ru.
  5789 | D:7      | Found a burning altar of Makhleb.
  5789 | D:7      | Noticed a green death
  5798 | D:7      | Reached *** piety under Uskayaw
  5800 | D:7      | Reached **** piety under Uskayaw
  5802 | D:7      | Reached ***** piety under Uskayaw
  5888 | D:7      | Found an iron altar of Okawaru.
  5888 | D:7      | Found a bloodstained altar of Trog.
  6495 | D:7      | Reached skill level 5 in Shapeshifting
  6590 | D:8      | Found a glowing silver altar of Zin.
  6590 | D:8      | Found an opulent altar of Gozag.
  6643 | D:8      | Noticed a death knight
  6643 | D:8      | Noticed a deep elf pyromancer
  6825 | D:8      | Noticed a five-headed hydra
  6830 | D:8      | Noticed a centaur warrior
  6848 | D:8      | Noticed an efreet
  6894 | D:8      | Noticed an obsidian statue
  6954 | D:8      | Identified the +1 chain mail "Biwuckigh" {rF+ rN+}
  7052 | D:8      | Reached skill level 5 in Fighting
  7146 | D:8      | Noticed an orange crystal statue
  7475 | D:9      | Found a broken altar of Ashenzari.
  7475 | D:9      | Noticed a two-headed ogre
  7483 | D:9      | Killed a two-headed ogre
  7484 | D:9      | Reached XP level 10. HP: 50/81 MP: 10/10
  7779 | D:9      | Found a radiant altar of Vehumet.
  7860 | D:9      | Reached skill level 5 in Dodging
  8238 | D:10     | Entered Level 10 of the Dungeon
  8874 | D:10     | Noticed a two-headed ogre
  8890 | D:10     | Demolished by a two-headed ogre

Illustrated notes

Levels and vault maps discovered:
D:1:      hellmonk_arrival_library, layout_basic, basic_ecumenical_altar,
          minmay_statues_item
D:2:      layout_loops_ring, minmay_indecisive_spiral
D:3:      layout_rooms, portal_sewer_entry_d, dk_vineyard_1,
          kennysheep_decorative_pillar, amethyst_killhole,
          nicolae_elevator_lobby_plus
D:4:      layout_loops_ring, lemuel_round_altar, serial_shops, shop
D:5:      layout_basic
D:6:      layout_loops_ring, chequers_ossuary_entry_cave, uniq_eustachio,
          uniq_prince_ribbit1
D:7:      layout_gridville, lemuel_round_altar, nicolae_overflow_two_pavilions,
          makhleb_altar_promises_db, minmay_temple_entry_overgrown
D:8:      minmay_separated_statues, layout_loops_ring,
          grunt_temple_overflow_gold_and_silver,
          onia_ninara_dug_in_and_dangerous
D:9:      layout_roguey, vehumet_altar_wand_db, cheibrodos_ashenzari_chains
D:10:     layout_irregular_city, lemuel_blue_sif_altar,
          nicolae_overflow_crystal_walls, gammafunk_temple_overflow_statue,
          ebering_ghost_xom, minmay_fractal_squares_5
Temple:   hellmonk_temple_rainy

Skill      XL: |  1  2  3  4  5  6  7  8  9 10 |
---------------+-------------------------------+-----
Unarmed Combat | 3 4 5 6 7 9 10 | 10.1
Fighting       | 2 5 |  5.0
Dodging        | 2 4 5 |  5.0
Shapeshifting  | 3 5 7 |  7.0

Action                     |  1- 3 |  4- 6 |  7- 9 | 10-12 || total
---------------------------+-------+-------+-------+-------++-------
  Melee: Unarmed           |    93 |   118 |   289 |    66 ||   566
         Tailslap          |    11 |    13 |    39 |     7 ||    70
         Punch             |     2 |     6 |    16 |     4 ||    28
         Dagger            |       |       |    20 |       ||    20
    Use: Scroll            |     5 |     5 |     9 |       ||    19
         Potion            |       |     8 |     1 |       ||     9
   Stab: Sleeping          |     2 |       |     2 |     1 ||     5
         Invisible         |       |     2 |       |       ||     2
         Paralysed         |       |       |    11 |     4 ||    15
 Armour: Animal skin       |    41 |    56 |   169 |    65 ||   331
         Skin              |       |    22 |       |       ||    22
         Troll leather arm |       |       |       |     7 ||     7
  Dodge: Dodged            |    42 |    44 |   114 |    65 ||   265

Table legend: (Time is in decaauts)
 A = Elapsed time spent in this place.
 B = Non-inter-level travel time spent in this place.
 C = Inter-level travel time spent in this place.
 D = Time resting spent in this place.
 E = Time spent auto-exploring this place.
 F = Levels seen in this place.
 G = Mean time per level.
                   A        B        C        D        E       F      G
               +--------+--------+--------+--------+--------+-----+--------+
         Total |   8813 |   8555 |    258 |   1089 |   5795 |  13 |  677.9 |
       Dungeon |   7776 |   7518 |    258 |    743 |   5550 |  10 |  777.6 |
        Temple |     20 |     20 |      0 |      0 |      0 |   1 |   20.0 |
         Sewer |    697 |    697 |      0 |    236 |    219 |   1 |  697.0 |
       Ossuary |    318 |    318 |      0 |    110 |     26 |   1 |  318.0 |
               +--------+--------+--------+--------+--------+-----+--------+

Top non-repeatable levels by time:
     D:6: 1123 daAuts
     D:9: 1120 daAuts
     D:7: 1006 daAuts
     D:8: 886 daAuts
     D:1: 789 daAuts
   Sewer: 697 daAuts
     D:4: 652 daAuts
     D:2: 650 daAuts
     D:5: 617 daAuts
     D:3: 614 daAuts
 Ossuary: 318 daAuts
    D:10: 315 daAuts
  Temple: 20 daAuts
